 Dungeon Crawl Stone Soup version 0.28-a0-1227-ga9037bb4c8 (webtiles) character file.

Game seed: 6897338552544980204

11001 flotson the Tainted (level 11, -9/84 HPs)
             Began as a Demonspawn Gladiator on Dec 23, 2021.
             Was an Initiate of Yredelemnul.
             Mangled by Harold (19 damage)
             ... on level 11 of the Dungeon.
             The game lasted 00:23:32 (8950 turns).

flotson the Tainted (Demonspawn Gladiator)          Turns: 8950, Time: 00:23:33

Health: -9/84      AC:  9    Str: 19    XL:     11   Next: 43%
Magic:  16/16      EV: 14    Int: 10    God:    Yredelemnul [......]
Gold:   458        SH: 14    Dex: 20    Spells: 10/10 levels left

rFire   . . .      SeeInvis .   a - +2 trident (venom)
rCold   . . .      Faith    .   K - +0 kite shield
rNeg    . . .      Spirit   .   s - +0 leather armour {rPois}
rPois   +          Reflect  .   (helmet restricted)
rElec   .          Harm     .   t - +1 cloak {Stlth+}
rCorr   .          Rampage  .   (no gloves)
Will    .....                   (no boots)
Stlth   ++........              e - amulet of regeneration
HPRegen 1.04/turn               w - +4 ring of slaying
MPRegen 0.15/turn               C - +6 ring of dexterity

@: marked
A: horns 1, thin metallic scales 2, powered by pain 1, condensation shield
a: Renounce Religion, Recall Undead Harvest


You were on level 11 of the Dungeon.
You worshipped Yredelemnul.
Yredelemnul was noncommittal.
You visited 3 branches of the dungeon, and saw 13 of its levels.
You also visited: Ossuary.

You collected 458 gold pieces.

Inventory:

Hand Weapons
 a - a +2 trident of venom (weapon)
 M - a +4 long sword of protection
Missiles
 g - 8 boomerangs
 n - 97 poisoned darts
 v - a throwing net (quivered)
Armour
 s - a +0 leather armour of poison resistance (worn)
 t - a +1 cloak of stealth (worn)
 K - a +0 kite shield (worn)
Jewellery
 e - an amulet of regeneration (around neck)
 o - an amulet of the acrobat
 w - a +4 ring of slaying (left hand)
 x - a ring of resist corrosion
 C - a +6 ring of dexterity (right hand)
 R - an amulet of magic regeneration
 V - a ring of ice
Wands
 c - a wand of mindburst (9)
 u - a wand of acid (1)
 y - a wand of iceblast (3)
 H - a wand of digging (2)
 I - a wand of paralysis (3)
 J - a wand of charming (10)
 P - a wand of polymorph (2)
Scrolls
 b - 4 scrolls of summoning {unknown}
 d - 2 scrolls of blinking {unknown}
 f - 9 scrolls of teleportation {unknown}
 k - 12 scrolls of identify {unknown}
 l - 2 scrolls of immolation {unknown}
 m - 3 scrolls of magic mapping {unknown}
 A - 6 scrolls of noise {unknown}
 B - a scroll of enchant armour {unknown}
 D - a scroll of fog {unknown}
 F - 2 scrolls of vulnerability {unknown}
 L - a scroll of torment {unknown}
 N - 2 scrolls of acquirement {unknown}
 Q - a scroll of amnesia {unknown}
 T - a scroll of fear {unknown}
Potions
 h - 6 potions of might {unknown}
 i - 5 potions of heal wounds {unknown}
 j - a potion of degeneration {unknown}
 p - 5 potions of curing {unknown}
 q - 4 potions of cancellation {unknown}
 r - 3 potions of flight {unknown}
 z - 2 potions of brilliance {unknown}
 E - a potion of ambrosia {unknown}
 G - 2 potions of haste {unknown}
 O - a potion of mutation {unknown}
 S - a potion of lignification {unknown}
 U - a potion of attraction {unknown}


   Skills:
 + Level 7.3 Fighting
 + Level 7.1 Axes
 + Level 6.6 Throwing
 + Level 6.3 Armour
 + Level 7.0 Dodging
 + Level 3.4 Shields
 + Level 7.7 Invocations
 + Level 5.6 Evocations


You had 10 spell levels left.
You didn't know any spells.
Your spell library contained the following spells:

 Spells                   Type           Power      Damage    Failure   Level
 Freeze                   Ice            0%         1d3       89%         1
 Slow                     Hex            0%         N/A       89%         1
 Scorch                   Fire           0%         2d5       96%         2
 Confusing Touch          Hex            0%         N/A       99%         3
 Frozen Ramparts          Ice            0%         1d2       99%         3
 Flame Wave               Conj/Fire      0%         2d4       100%        4
 Hailstorm                Conj/Ice       0%         3d3       100%        4
 Yara's Violent Unravell  Hex/Tmut       0%         3d3       100%        5
 Summon Cactus Giant      Summ           0%         N/A       100%        6


Dungeon Overview and Level Annotations

Branches:
Dungeon (11/15)            Temple (1/1) D:4            Lair (1/6) D:8
Ossuary (visited)
    Orc: D:9-12

Altars:
Ashenzari
Cheibriados
Dithmenos
Elyvilon
Fedhas
Gozag
Hepliaklqana
Kikubaaqudgha
Makhleb
Nemelex Xobeh
Okawaru
Qazlal
Ru
Sif Muna
Trog
Uskayaw
Vehumet
Wu Jian
Xom
Yredelemnul
Zin
The Shining One

Annotations:
D:11 Harold


Innate Abilities, Weirdness & Mutations

You have a pair of small horns on your head.
You are mostly covered in thin metallic scales. (AC +3)
You sometimes gain a little power by taking damage.
A meltable shield of frost defends you. (SH +4)


Message History

There is an open door here.
There is a stone staircase leading down here.
You climb downwards.
The yak bellows!
You hear a bellow!
A yak comes into view.
Harold fires a harpoon shot at you. The harpoon shot hits you!
You are yanked forward by the harpoon shot. 3 yaks come into view.
Found a leather armour.
The yak bellows!
Found a book of Alchemy.
Harold throws a throwing net.
The throwing net hits you.
You become entangled in the net!
You see here a throwing net.
You struggle against the net.
The yak bellows! x2
Harold hits you from afar with a +0 halberd!
Unknown command.
You struggle against the net.
Harold points at you and mumbles some strange words.
A sentinel's mark forms upon you.
You struggle against the net.
Harold hits you from afar with a +0 halberd!!
The yak gores you!
You shred the net and break free! Harold closely misses you.
You block the yak's attack. The shadow misses you.
The shadow slips into darkness.
The shadow flickers and vanishes!
Deactivating autopickup; reactivate with Ctrl-A.
You block the yak's attack. The yak barely misses you.
The shadow strikes at you from the darkness!
* * * LOW HITPOINT WARNING * * *
Reactivating autopickup.
There is a stone staircase leading up, spattered with blood here.
Harold hits you from afar with a +0 halberd!!
You die...
Your body rises from the dead as a mindless zombie.

.................
...:................
....................
....................
....................
....................
............Y.......
..........@YY.......
........[.YW@.......
...........Y........
....................
....................
....................
...................
..################


You could see Harold, 5 yaks and a shadow.

Vanquished Creatures
  Erolcha (D:9)
  A hydra (Lair:1)
  2 two-headed ogres (D:9)
  Pikel (D:4)
  2 komodo dragons
  2 trolls
  A wraith (Ossuary)
  2 yaks (Lair:1)
  Eustachio (D:4)
  A water moccasin (Lair:1)
  2 orc warriors
  A black bear (D:7)
  An ice beast (D:6)
  2 ogres
  4 centaurs
  3 wolves (Lair:1)
  2 lemures (D:4)
  Blork the orc (D:4)
  2 kobold brigands
  2 bullfrogs
  A gnoll sergeant (D:9)
  A wyvern zombie (D:7)
  11 killer bees
  An electric eel (D:7)
  A howler monkey (D:8)
  3 quasits (D:5)
  Crazy Yiuf (D:4)
  5 centaur zombies
  A centaur skeleton (D:7)
  3 hounds
  3 orc priests
  A jelly (D:6)
  A bullfrog skeleton (D:6)
  A gnoll shaman (D:6)
  3 orc wizards
  3 iguanas
  3 mummies (Ossuary)
  7 gnolls
  8 adders
  2 ufetubi
  A worm (D:2)
  3 dart slugs
  14 orcs
  7 ball pythons
  5 endoplasms
  2 giant cockroaches (D:1)
  10 goblins
  5 hobgoblins
  9 jackals
  3 quokkas
  A frilled lizard (D:2)
  A gnoll zombie (Ossuary)
  6 goblin zombies
  A hobgoblin zombie (Ossuary)
  18 kobolds
  A kobold zombie (Ossuary)
  7 rats
  A rat zombie (D:5)
189 creatures vanquished.

Vanquished Creatures (collateral kills)
  A hydra (Lair:1)
  2 two-headed ogres (D:10)
  A cane toad (Lair:1)
  A vampire (D:10)
  3 yaks (Lair:1)
  A water moccasin (Lair:1)
  An ogre (D:5)
  3 wolves (Lair:1)
  A bullfrog (Lair:1)
  A killer bee (D:10)
  A wight (D:8)
  A howler monkey (D:8)
  A bullfrog zombie (D:6)
  A hound (D:5)
  A centaur skeleton (D:6)
  2 orc wizards (D:10)
  An orc (D:6)
  3 kobolds (D:6)
26 creatures vanquished.

Vanquished Creatures (others)
  A two-headed ogre zombie (D:9)
  A komodo dragon zombie (Lair:1)
  A yak zombie (Lair:1)
  4 wolf zombies (Lair:1)
  A bullfrog zombie (Lair:1)
  2 centaur zombies (D:9)
  A killer bee zombie (D:10)
  2 gnoll zombies
  2 kobold zombies (D:9)
  2 orc zombies (D:6)
  3 fungi
  9 plants
29 creatures vanquished.

Grand Total: 244 creatures vanquished

Notes
Turn   | Place    | Note
-------+----------+-------------------------------------------
     0 | D:1      | flotson the Demonspawn Gladiator began the quest for the
                  | Orb.
     0 | D:1      | Reached XP level 1. HP: 16/16 MP: 1/1
    34 | D:1      | Found a faded altar of an unknown god.
   209 | D:1      | Gained mutation: You are partially covered in thin metallic
                  | scales. (AC +2) [demonic ancestry]
   209 | D:1      | Reached XP level 2. HP: 22/22 MP: 2/2
   578 | D:2      | Reached XP level 3. HP: 28/28 MP: 3/3
   820 | D:2      | Reached skill level 1 in Armour
  1173 | D:2      | Reached XP level 4. HP: 31/34 MP: 4/4
  2189 | D:4      | Noticed Eustachio
  2193 | D:4      | Reached XP level 5. HP: 40/40 MP: 5/5
  2297 | D:4      | Killed Eustachio
  2298 | D:4      | Gained mutation: You are mostly covered in thin metallic
                  | scales. (AC +3) [demonic ancestry]
  2298 | D:4      | Reached XP level 6. HP: 47/47 MP: 6/6
  2531 | D:4      | Found a runed translucent door.
  2532 | D:4      | Noticed Crazy Yiuf
  2542 | D:4      | Killed Crazy Yiuf
  2640 | D:4      | Found a sparkling altar of Nemelex Xobeh.
  2762 | D:4      | Noticed Pikel
  2788 | D:4      | Noticed Blork the orc
  2797 | D:4      | Killed Blork the orc
  2857 | D:4      | Killed Pikel
  2858 | D:4      | Reached XP level 7. HP: 33/55 MP: 7/7
  2885 | D:4      | Found a staircase to the Ecumenical Temple.
  2894 | Temple   | Entered the Ecumenical Temple
  2942 | Temple   | Became a worshipper of Yredelemnul the Dark
  3076 | D:4      | Found a hide-covered altar of Uskayaw.
  3512 | D:5      | Entered Level 5 of the Dungeon
  3592 | D:5      | You fall into a shaft and drop 2 floors!
  3597 | D:7      | Gained mutation: A meltable shield of frost defends you.
                  | (SH +4) [demonic ancestry]
  3597 | D:7      | Reached XP level 8. HP: 61/61 MP: 8/8
  3620 | D:7      | Reached skill level 1 in Invocations
  3789 | D:5      | Found a sand-covered staircase.
  3796 | Ossuary  | Entered an ossuary
  4266 | D:5      | Reached skill level 1 in Evocations
  4305 | D:5      | Reached * piety under Yredelemnul
  4692 | D:5      | Reached ** piety under Yredelemnul
  4692 | D:5      | Reached skill level 5 in Dodging
  4695 | D:5      | Reached skill level 5 in Axes
  4786 | D:6      | Reached skill level 5 in Fighting
  4987 | D:6      | Reached XP level 9. HP: 66/68 MP: 11/11
  5769 | D:6      | Reached skill level 5 in Throwing
  6007 | D:7      | Found a shimmering altar of Xom.
  6049 | D:7      | Found an ornate altar of the Wu Jian Council.
  6150 | D:8      | Identified the +2 dagger of Raadd {speed, rN+ Stlth+}
  6205 | D:8      | Found a staircase to the Lair.
  6205 | D:8      | Noticed a komodo dragon
  6233 | D:8      | Killed a komodo dragon
  6426 | D:8      | Found a radiant altar of Vehumet.
  6946 | D:9      | Reached skill level 5 in Armour
  6987 | D:9      | Reached skill level 5 in Invocations
  7261 | D:9      | Noticed Erolcha
  7284 | D:9      | Killed Erolcha
  7285 | D:9      | Gained mutation: You have a pair of small horns on your
                  | head. [demonic ancestry]
  7285 | D:9      | Reached XP level 10. HP: 59/76 MP: 12/14
  7333 | D:9      | Found an opulent altar of Gozag.
  7342 | D:9      | Noticed a two-headed ogre
  7376 | D:9      | Killed a two-headed ogre
  7377 | D:9      | Reached skill level 1 in Shields
  7477 | D:9      | Noticed a two-headed ogre
  7503 | D:9      | Killed a two-headed ogre
  7930 | D:10     | Entered Level 10 of the Dungeon
  8033 | D:10     | Found a sacrificial altar of Ru.
  8033 | D:10     | Found a stormy altar of Qazlal.
  8034 | D:10     | Found a bloodstained altar of Trog.
  8082 | D:10     | Noticed a two-headed ogre
  8088 | D:10     | Killed a two-headed ogre
  8089 | D:10     | Reached *** piety under Yredelemnul
  8145 | D:10     | Reached **** piety under Yredelemnul
  8238 | D:10     | Noticed a two-headed ogre
  8246 | D:10     | Killed a two-headed ogre
  8247 | D:10     | Reached skill level 5 in Evocations
  8249 | D:10     | Gained mutation: You sometimes gain a little power by
                  | taking damage. [demonic ancestry]
  8249 | D:10     | Reached XP level 11. HP: 25/83 MP: 11/16
  8583 | Lair:1   | Entered Level 1 of the Lair of Beasts
  8590 | Lair:1   | Noticed a six-headed hydra
  8602 | Lair:1   | Killed a six-headed hydra
  8674 | Lair:1   | Noticed a six-headed hydra
  8708 | Lair:1   | HP: 2/84 [six-headed hydra (8)]
  8728 | Lair:1   | Killed a six-headed hydra
  8734 | Lair:1   | Identified the +1 whip of Defence {vorpal, rElec rN+ Will+
                  | Str-5}
  8799 | Lair:1   | Noticed an eight-headed hydra
  8832 | Lair:1   | Noticed a five-headed hydra
  8940 | D:11     | Noticed Harold
  8950 | D:11     | Mangled by Harold

Illustrated notes

Levels and vault maps discovered:
D:1:      ebering_trefoil_3fold, layout_loops_ring,
          ebering_ecumenical_altar_mist, st_stairs_5
D:2:      layout_loops_corners, minmay_pentomino_q4
D:3:      layout_basic
D:4:      layout_loops_corners, nicolae_uskayaw_suspiria,
          mainiacjoe_overflow_catwalk, minmay_temple_entry_tees,
          chequers_big_river, uniq_crazy_yiuf_cottage, uniq_pikel,
          uniq_eustachio, uniq_blork_the_orc
D:5:      cheibrodos_quashed, layout_loops_cross, enter_ossuary_4
D:6:      layout_loops_cross
D:7:      layout_rooms, mainiacjoe_overflow_alcove_1, nicolae_overflow_squiral
D:8:      layout_loops_ring, kennysheep_little_box, david_lair_shrubbed,
          minmay_misc_feat_roman, sword_in_stone
D:9:      layout_irregular_city, marbit_many_paths, uniq_erolcha
D:10:     layout_roguey, gammafunk_temple_overflow_forgotten
D:11:     layout_stronghold, uniq_harold
Temple:   minmay_temple_bridge_abc
Lair:1:   layout_gridlike

Skill      XL: |  1  2  3  4  5  6  7  8  9 10 11 |
---------------+----------------------------------+-----
Throwing       | 2 3 4 5 6 |  6.6
Dodging        | 3 4 5 6 7 |  7.0
Axes           | 3 4 5 6 7 |  7.1
Armour         | 1 2 3 4 5 6 |  6.3
Fighting       | 3 4 5 6 7 |  7.3
Invocations    | 3 5 6 7 |  7.7
Evocations     | 2 4 5 |  5.6
Shields        | 2 3 |  3.4

Action                   |  1- 3 |  4- 6 |  7- 9 | 10-12 || total
-------------------------+-------+-------+-------+-------++-------
Melee: War axe           |   135 |   132 |       |       ||   267
       Quarterstaff      |       |    31 |   271 |       ||   302
       Trident           |       |       |     4 |   101 ||   105
       Headbutt          |       |       |       |    20 ||    20
Throw: Boomerang         |       |    11 |       |       ||    11
       Dart              |       |     9 |     4 |     3 ||    16
       Throwing net      |       |     2 |     3 |     2 ||     7
Invok: Recall Undead Har |       |       |     1 |       ||     1
       Dark Bargain      |       |       |       |     2 ||     2
Evoke: Wand              |       |       |     2 |     3 ||     5
 Stab: Sleeping          |     2 |     2 |    10 |     3 ||    17
       Held in net/web   |       |     1 |     1 |       ||     2
       Confused          |       |     1 |       |       ||     1
       Distracted        |       |       |     2 |     1 ||     3
       Paralysed         |       |       |     2 |       ||     2
Armor: Leather armour    |    59 |    72 |   153 |    19 ||   303
Dodge: Dodged            |   108 |   117 |   334 |    61 ||   620
Block: Other             |       |       |    80 |       ||    80
       Kite shield       |       |       |       |    82 ||    82

Table legend: (Time is in decaauts)
 A = Elapsed time spent in this place.
 B = Non-inter-level travel time spent in this place.
 C = Inter-level travel time spent in this place.
 D = Time resting spent in this place.
 E = Time spent auto-exploring this place.
 F = Levels seen in this place.
 G = Mean time per level.
                   A        B        C        D        E       F      G
               +--------+--------+--------+--------+--------+-----+--------+
         Total |   9203 |   8613 |    590 |     39 |   6380 |  14 |  657.4 |
       Dungeon |   8418 |   7852 |    566 |     39 |   5907 |  11 |  765.3 |
        Temple |     71 |     48 |     23 |      0 |     19 |   1 |   71.0 |
          Lair |    264 |    264 |      0 |      0 |     99 |   1 |  264.0 |
       Ossuary |    447 |    447 |      0 |      0 |    355 |   1 |  447.0 |
               +--------+--------+--------+--------+--------+-----+--------+

Top non-repeatable levels by time:
     D:4: 1401 daAuts
     D:9: 1107 daAuts
     D:2: 931 daAuts
     D:6: 927 daAuts
     D:8: 923 daAuts
     D:5: 728 daAuts
     D:3: 632 daAuts
    D:10: 592 daAuts
     D:1: 591 daAuts
     D:7: 569 daAuts
 Ossuary: 447 daAuts
  Lair:1: 264 daAuts
  Temple: 71 daAuts
    D:11: 12 daAuts
